 Dungeon Crawl Stone Soup version 0.24-a0-205-g1d96822 (webtiles) character file.

Game seed: 15744348864070838088

4534 TheGoonsmith the Destroyer (level 10, -7/56 HPs)
             Began as a Gargoyle Fire Elementalist on Mar 28, 2019.
             Was a Believer of Vehumet.
             Mangled by a five-headed hydra (9 damage)
             ... on level 9 of the Dungeon.
             The game lasted 00:20:52 (10930 turns).

TheGoonsmith the Destroyer (GrFE)                  Turns: 10930, Time: 00:20:52

Health: -7/56      AC: 18    Str: 14    XL:     10   Next: 39%
Magic:  5/18       EV: 14    Int: 21    God:    Vehumet [**....]
Gold:   485        SH:  0    Dex: 10    Spells: 5/20 levels left

rFire    . . .     SeeInvis .   e - +7 dagger of Uskayaw's Envy {flame, MR+ Int+4}
rCold    + . .     Gourm    .   (no shield)
rNeg     + . .     Faith    .   j - +0 ring mail
rPois    ∞         Spirit   .   y - +0 helmet
rElec    +         Reflect  .   A - +0 cloak
rCorr    .         Harm     .   p - +1 pair of gloves
MR       +....                  o - +0 pair of boots
Stlth    +.........             k - amulet of regeneration
HPRegen  0.58/turn              i - +3 ring of evasion
MPRegen  0.16/turn              C - ring of protection from cold

@: no status effects
A: negative energy resistance 1, electricity resistance, unbreathing,
petrification resistance, rot immunity, AC +7
a: Renounce Religion


You were on level 9 of the Dungeon.
You worshipped Vehumet.
Vehumet was pleased with you.
You were not hungry.

You visited 2 branches of the dungeon, and saw 10 of its levels.

You collected 485 gold pieces.

Inventory:

Hand Weapons
 e - the +7 dagger of Uskayaw's Envy (weapon) {flame, MR+ Int+4}
   (You found it on level 8 of the Dungeon)

   It has been specially enchanted to burn those struck by it, causing extra
   injury to most foes and up to half again as much damage against particularly
   susceptible opponents.
   It affects your intelligence (+4).
   It affects your resistance to hostile enchantments.
 n - a +4 dire flail
 q - a +3 dagger of draining
 D - the +8 halberd "Kistroas" {drain, rF- Int+5 Dex+7}
   (You took it off a big kobold on level 8 of the Dungeon)

   A truly terrible weapon, it drains the life of those it strikes.
   It affects your intelligence (+5).
   It affects your dexterity (+7).
   It makes you vulnerable to fire.
Armour
 a - a +0 robe
 j - a +0 ring mail (worn)
 o - a +0 pair of boots (worn)
 p - a +1 pair of gloves (worn)
 y - a +0 helmet (worn)
 A - a +0 cloak (worn)
 B - a +2 robe of fire resistance
Jewellery
 i - a +3 ring of evasion (left hand)
 k - an amulet of regeneration (around neck)
 C - a ring of protection from cold (right hand)
Wands
 h - a wand of acid (10)
 E - a wand of paralysis (9)
Scrolls
 b - a scroll of enchant weapon
 c - 7 scrolls of teleportation
 r - 3 scrolls of identify
 s - a scroll of remove curse
 x - a scroll of amnesia
Potions
 d - 4 potions of agility
 g - 2 potions of brilliance
 l - 2 potions of mutation
 m - a potion of invisibility {unknown}
 t - 2 potions of lignification
 u - a potion of ambrosia {unknown}
 v - a potion of might {unknown}
 w - 4 potions of curing
 z - 3 potions of flight {unknown}
Comestibles
 f - 13 rations


   Skills:
 - Level 4.0 Fighting
 + Level 3.9 Armour
 + Level 1.9 Dodging
 - Level 2.1 Stealth
 + Level 5.7 Spellcasting
 + Level 9.6 Conjurations
 - Level 3.1 Translocations
 + Level 8.7 Fire Magic


You had 5 spell levels left.
You knew the following spells:

 Your Spells              Type           Power        Failure   Level  Hunger
a - Flame Tongue          Conj/Fire      #####        1%          1    None
c - Conjure Flame         Conj/Fire      #####...     1%          3    ##.....
e - Blink                 Tloc           N/A          9%          2    None
f - Fireball              Conj/Fire      #####.....   12%         5    #####..
s - Sticky Flame          Conj/Fire      #####...     4%          4    ####...

Your spell library contained the following spells:

 Spells                   Type           Power        Failure   Level  Hunger
 Freeze                   Ice            #...         19%         1    None
 Magic Dart               Conj           ####         1%          1    None
 Searing Ray              Conj           #####.       1%          2    None
 Throw Flame              Conj/Fire      #####.       1%          2    None
 Iskenderun's Mystic Bla  Conj           #####...     3%          4    ####...
 Dazzling Spray           Conj/Hex       ####..       8%          3    ##.....
 Inner Flame              Hex/Fire       ###.....     10%         3    ##.....
 Force Lance              Conj/Tloc      ####....     14%         4    ####...
 Mephitic Cloud           Conj/Pois/Air  ###.....     16%         3    ##.....
 Fulminant Prism          Conj/Hex       ####......   26%         4    ####...
 Call Imp                 Summ           #.......     28%         2    None
 Slow                     Hex            #.......     28%         2    None


Dungeon Overview and Level Annotations

Branches:
Dungeon (9/15)             Temple (1/1) D:4
   Lair: D:8-11         Orc: D:9-12

Altars:
Ashenzari
Cheibriados
Dithmenos
Elyvilon
Fedhas
Gozag
Hepliaklqana
Kikubaaqudgha
Makhleb
Nemelex Xobeh
Okawaru
Qazlal
Ru
Sif Muna
Trog
Uskayaw
Vehumet
Wu Jian
Xom
Yredelemnul
Zin
The Shining One

Annotations:
D:5 1 runed translucent door, Ihryk's ghost, novice SpEn


Innate Abilities, Weirdness & Mutations

You are resistant to torment.
Your stone body is resilient. (AC +7)
You are immune to poison.
You resist negative energy. (rN+)
You are resistant to electric shocks. (rElec)
You can survive without breathing.
You are immune to petrification.
You are immune to rotting.


Message History

* * * LOW HITPOINT WARNING * * *
The five-headed hydra barely misses you.
The five-headed hydra bites you!
* * * LOW HITPOINT WARNING * * *
The five-headed hydra bites you.
* * * LOW HITPOINT WARNING * * *
Unknown command.
Okay, then.
You feel better.
The five-headed hydra burns!
The five-headed hydra bites you.
* * * LOW HITPOINT WARNING * * *
The five-headed hydra bites you.
* * * LOW HITPOINT WARNING * * *
The five-headed hydra barely misses you.
The five-headed hydra bites you but does no damage.
The five-headed hydra closely misses you.
You feel better.
The five-headed hydra burns!
The five-headed hydra bites you!
* * * LOW HITPOINT WARNING * * *
The five-headed hydra bites you but does no damage.
The five-headed hydra bites you!
You die...

#### ### #...
...?##################...
......?.@................
........D###########.....
.##.......#########..#...
#<..............)..####
#.......########.#.####
##.....## ##)>#.....
#.....$. #<)#######
#.....>. #.## #.......#
###.#


You could see a five-headed hydra (burning).

Vanquished Creatures
  A sky beast (D:5)
  An ice beast (D:4)
  Duvessa (D:4)
  3 orc warriors
  A phantom (D:6)
  8 ogres
  A centaur (D:7)
  A big kobold (D:8)
  A gnoll sergeant (D:5)
  Dowan (D:4)
  5 scorpions
  2 water moccasin skeletons
  5 killer bees (D:9)
  7 howler monkeys
  7 wights
  A centaur zombie (D:6)
  4 crimson imps
  4 jellies
  A bullfrog zombie (D:7)
  4 hounds
  6 orc priests
  Crazy Yiuf (D:7)
  An iron imp (D:9)
  17 orc wizards
  Jessica (D:3)
  A gnoll shaman (D:6)
  2 iguanas
  5 worker ants
  A killer bee zombie (D:9)
  2 hound zombies
  Robin (D:4)
  11 gnolls
  2 howler monkey skeletons (D:4)
  7 adders
  2 shadow imps (D:8)
  2 oozes
  4 adder zombies
  2 worms
  2 dart slugs
  3 leopard geckos
  26 orcs
  10 bats
  12 giant cockroaches
  16 goblins
  13 hobgoblins
  7 jackals
  12 kobolds
  2 quokkas
  5 ball pythons
  7 frilled lizards
  A leopard gecko skeleton (D:4)
  A quokka skeleton (D:6)
  A quokka zombie (D:4)
  10 rats
  A fungus (D:7)
256 creatures vanquished.

Vanquished Creatures (others)
  2 fungi (D:5)
2 creatures vanquished.

Grand Total: 258 creatures vanquished

Notes
Turn   | Place    | Note
-------+----------+-------------------------------------------
     0 | D:1      | TheGoonsmith the Gargoyle Fire Elementalist began the quest
                  | for the Orb.
     0 | D:1      | Reached XP level 1. HP: 10/10 MP: 3/3
   113 | D:1      | Reached XP level 2. HP: 14/15 MP: 0/5
   446 | D:1      | Reached skill level 2 in Conjurations
   446 | D:1      | Reached XP level 3. HP: 11/19 MP: 1/6
  1561 | D:2      | Reached XP level 4. HP: 15/24 MP: 0/8
  2215 | D:1      | Reached skill level 3 in Conjurations
  2215 | D:1      | Reached XP level 5. HP: 6/28 MP: 0/9
  2635 | D:2      | Found a blossoming altar of Fedhas.
  2642 | D:2      | Learned a level 4 spell: Sticky Flame
  2646 | D:2      | Learned a level 3 spell: Conjure Flame
  2650 | D:2      | Learned a level 2 spell: Blink
  3049 | D:3      | Reached XP level 6. HP: 32/32 MP: 5/10
  3099 | D:3      | Reached skill level 4 in Conjurations
  3461 | D:3      | Reached skill level 5 in Fire Magic
  3624 | D:3      | Noticed Jessica
  3631 | D:3      | Killed Jessica
  3671 | D:3      | Reached skill level 5 in Conjurations
  3989 | D:3      | Found a deep blue altar of Sif Muna.
  4000 | D:3      | Reached XP level 7. HP: 31/36 MP: 7/11
  4137 | D:4      | Reached skill level 6 in Conjurations
  4180 | D:4      | You fall through a shaft!
  4180 | D:5      | Entered Level 5 of the Dungeon
  4332 | D:3      | Reached skill level 1 in Fighting
  4335 | D:3      | Reached skill level 1 in Armour
  4335 | D:3      | Reached skill level 1 in Translocations
  4478 | D:4      | Noticed Robin
  4725 | D:4      | Killed Robin
  4757 | D:4      | Found a staircase to the Ecumenical Temple.
  4758 | D:4      | Noticed Duvessa
  4758 | D:4      | Noticed Dowan
  4982 | D:4      | Killed Duvessa
  4982 | D:4      | Reached XP level 8. HP: 31/44 MP: 3/13
  5058 | D:4      | Killed Dowan
  5405 | Temple   | Entered the Ecumenical Temple
  5876 | D:5      | Reached skill level 7 in Conjurations
  5978 | D:5      | Found a runed translucent door.
  5978 | D:5      | Noticed Ihryk's ghost (novice SpEn)
  6176 | D:5      | Reached XP level 9. HP: 48/48 MP: 7/15
  6339 | D:5      | Found a basalt altar of Yredelemnul.
  6796 | D:6      | Found a shimmering altar of Xom.
  6834 | D:6      | Found a blossoming altar of Fedhas.
  6977 | D:6      | Reached skill level 8 in Conjurations
  6998 | D:6      | Learned a level 5 spell: Fireball
  7648 | D:6      | Found a radiant altar of Vehumet.
  7654 | D:6      | Became a worshipper of Vehumet
  8653 | D:7      | Found a shattered altar of Ashenzari.
  8746 | D:7      | Found a white marble altar of Elyvilon.
  8999 | D:7      | Found a runed translucent door.
  9000 | D:7      | Noticed Crazy Yiuf
  9006 | D:7      | Killed Crazy Yiuf
  9123 | D:8      | Found the +3 giant club "Skullcrusher" {speed, Str+7}
  9133 | D:8      | Reached * piety under Vehumet
  9133 | D:8      | Offered knowledge of Sandblast by Vehumet.
  9137 | D:8      | Reached skill level 9 in Conjurations
  9246 | D:8      | Reached skill level 5 in Spellcasting
  9246 | D:8      | Reached XP level 10. HP: 29/56 MP: 7/17
  9338 | D:8      | Identified the +8 halberd "Kistroas" {drain, rF- Int+5
                  | Dex+7}
  9826 | D:8      | Got an ichor-stained dagger
  9827 | D:8      | Identified the +7 dagger of Uskayaw's Envy {flame, MR+
                  | Int+4} (You found it on level 8 of the Dungeon)
  9864 | D:8      | Found an ornate altar of the Wu Jian Council.
 10046 | D:8      | Found a sparkling altar of Nemelex Xobeh.
 10488 | D:9      | Reached ** piety under Vehumet
 10488 | D:9      | Offered knowledge of Freeze by Vehumet.
 10715 | D:9      | Found a snail-covered altar of Cheibriados.
 10918 | D:9      | Noticed a five-headed hydra
 10928 | D:9      | HP: 1/56 [five-headed hydra (2)]
 10930 | D:9      | Mangled by a five-headed hydra

Levels and vault maps discovered:
D:1:      dpeg_arrival_orchard, layout_basic, minmay_worlds_worst_comb
D:2:      layout_rooms, fedhas_altar_1, grunt_ministairs_5, kennysheep_boxes
D:3:      layout_rooms, first_ration, led_sif_book, uniq_jessica
D:4:      layout_basic, minmay_temple_entry_butterflies, uniq_robin,
          uniq_duvessa
D:5:      layout_loops_ring, basic_altar, serial_aquarium,
          aquarium_bridge_square [aquarium_subvault_wall,
          aquarium_subvault_bridge, aquarium_subvault_bridge,
          aquarium_subvault_bridge], aquarium_window_fake, aquarium_window_2,
          aquarium_window_fake, aquarium_view_2b, aquarium_view_2b,
          aquarium_pool_side, gammafunk_ghost_grave, minivault_27
D:6:      layout_gridville, fiery_altar_vehumet, old_standard_altar,
          basic_altar, minmay_misc_feat_square
D:7:      layout_loops_corners, minitemple, grunt_ogre_cave,
          uniq_crazy_yiuf_cottage
D:8:      layout_basic, kennysheep_little_box, nemelex_altar_shiori,
          grunt_decor_fettered, minmay_misc_feat_alley, grunt_ministairs_6
D:9:      layout_rooms, slow_altar_2, kennysheep_generic_room_6
Temple:   nicolae_temple_god_jail

Skill      XL: |  1  2  3  4  5  6  7  8  9 |
---------------+----------------------------+-----
Conjurations   | 2 3 5 6 7 9 |  9.6
Spellcasting   | 3 4 5 |  5.7
Fire Magic     | 4 5 6 8 |  8.7
Fighting       | 2 4 |  4.0
Armour         | 2 3 |  3.9
Translocations | 1 3 |  3.1
Dodging        | |  1.9
Stealth        | |  2.1

Action                   |  1- 3 |  4- 6 |  7- 9 | 10-12 || total
-------------------------+-------+-------+-------+-------++-------
Melee: Whip              |    34 |    76 |       |       ||   110
       Dagger            |       |       |    78 |    39 ||   117
       Dire flail        |       |       |    34 |    11 ||    45
       Halberd           |       |       |       |     4 ||     4
 Cast: Flame Tongue      |    75 |   120 |   340 |   100 ||   635
       Sticky Flame      |       |       |    14 |    10 ||    24
       Fireball          |       |       |       |     2 ||     2
  Use: Potion            |     1 |       |     1 |     2 ||     4
       Scroll            |       |     3 |    11 |     2 ||    16
  Eat: Chunk             |     1 |     6 |    10 |     4 ||    21
       Ration            |       |     1 |     3 |     1 ||     5
Armor: Robe              |     5 |       |       |       ||     5
       Ring mail         |    12 |   105 |   157 |    46 ||   320
Dodge: Dodged            |    42 |   118 |   203 |    96 ||   459

Table legend:
 A = Non-vault XP
 B = Vault XP
 C = Vault XP percentage of total XP
 D = Non-vault monster count
 E = Vault monster count
 F = Vault count percentage of total count
                 A         B        C        D         E       F
            +---------+---------+-------+---------+---------+-------
      Total |    5720 |     758 |  11.7 |     225 |      30 |  11.8
            +---------+---------+-------+---------+---------+-------
        D:1 |     179 |      10 |   5.3 |      37 |       5 |  11.9
        D:2 |     123 |       2 |   1.6 |      26 |       2 |   7.1
        D:3 |     471 |     136 |  22.4 |      29 |      14 |  32.6
        D:4 |     596 |     226 |  27.5 |      17 |       3 |  15.0
        D:5 |     778 |       0 |   0.0 |      22 |       0 |   0.0
        D:6 |     762 |       0 |   0.0 |      25 |       0 |   0.0
        D:7 |     939 |     165 |  14.9 |      21 |       2 |   8.7
        D:8 |     895 |     179 |  16.7 |      25 |       3 |  10.7
        D:9 |     977 |      40 |   3.9 |      23 |       1 |   4.2
            +---------+---------+-------+---------+---------+-------
